 Dungeon Crawl Stone Soup version 0.19-a0-1193-g2641e52 (webtiles) character file.

36855 inmateoo the Basher (level 14, -1/151 HPs)
             Began as a Formicid Hunter on Aug 19, 2016.
             Was the Champion of Okawaru.
             Slain by a catoblepas (3 damage)
             ... on level 14 of the Dungeon.
             The game lasted 00:22:50 (14981 turns).

inmateoo the Basher (Formicid Hunter)              Turns: 14981, Time: 00:22:51

Health: -1/151     AC: 27    Str: 20    XL:     14   Next: 26%
Magic:  20/20      EV:  2    Int: 11    God:    Okawaru [******]
Gold:   1174       SH:  0    Dex: 22    Spells: 0 memorised, 13 levels left

rFire  + + .     SeeInvis .     H - +3 whip (elec)
rCold  . . .     Gourm    .     (armour currently unavailable)
rNeg   + + +     Faith    .     N - +1 large shield {rF+}
rPois  ∞         Spirit   .     (helmet unavailable)
rElec  .         Dismiss  .     (cloak currently unavailable)
rCorr  .         Reflect  .     (gloves currently unavailable)
MR     ++...     Harm     .     (boots currently unavailable)
Stlth  ++++++....               (no amulet)
                                x - ring of protection from fire
                                q - +4 ring of dexterity

@: agile, tree-form, petrified, heroism
A: permanent stasis, dig shafts and tunnels, four strong arms, (antennae 0),
(fangs 0), (hooves 0), agile 1, blurry vision 2, frail 1, magic resistance 1,
weak 1, evolution 1
a: Heroism, Finesse, Renounce Religion


You were on level 14 of the Dungeon.
You worshipped Okawaru.
Okawaru was exalted by your worship.
You were not hungry.
You were a tree.
You visited 2 branches of the dungeon, and saw 15 of its levels.

You collected 1174 gold pieces.

Inventory:

Hand Weapons
 u - a +5 mace of protection
 H - a +3 whip of electrocution (weapon)
Armour
 k - a +1 pair of boots (melded)
 y - a +1 pair of gloves (melded)
 E - the +0 crystal plate armour "Donleg" (melded) {rF++ Dex-5 Slay+5}
   (Okawaru gifted it to you on level 11 of the Dungeon)

   It affects your dexterity (-5).
   It affects your accuracy and damage with ranged weapons and melee attacks
   (+5).
   It greatly protects you from fire.
 K - a +2 cloak (melded)
 N - a +1 large shield of fire resistance (worn)
Jewellery
 h - an uncursed ring of ice
 q - a +4 ring of dexterity (left branch)
 x - a ring of protection from fire (right branch)
Wands
 g - a wand of flame (21/48)
 i - a wand of paralysis (11/24)
 o - a wand of random effects (32/48)
 z - a wand of lightning (12/15)
 B - a wand of hasting (3/9)
 C - a wand of slowing (31/48)
 D - a wand of polymorph (12/24)
Scrolls
 b - 2 scrolls of identify
 e - 2 scrolls of amnesia
 j - 5 scrolls of remove curse
 t - 4 scrolls of enchant armour
 v - 2 scrolls of recharging
 w - a scroll of magic mapping
 L - a scroll of enchant weapon
Potions
 c - 3 potions of brilliance
 l - 3 potions of resistance
 m - 2 potions of flight
 A - a potion of heal wounds
 F - a potion of cancellation
Comestibles
 f - 17 bread rations
 n - a royal jelly
 r - 6 meat rations
 s - 17 fruits
 M - 2 beef jerkies


   Skills:
 + Level 11.2(16.2) Fighting
   Level 2.3(14.4) Axes
 * Level 13.6(18.7) Maces & Flails
   Level 4.0(9.0) Crossbows
 + Level 10.6(15.6) Armour
 + Level 5.6(10.6) Dodging
 - Level 1.2(6.2) Stealth
 + Level 9.7(14.7) Shields
 - Level 9.2 Invocations


You had 13 spell levels left.
You didn't know any spells.

Dungeon Overview and Level Annotations

Branches:
Dungeon (14/15)            Temple (1/1) D:4            Lair (0/6) D:10
    Orc (0/2) D:9          Vaults (0/5) D:14

Altars:
Ashenzari
Cheibriados
Dithmenos
Elyvilon
Fedhas
Gozag
Hepliaklqana
Kikubaaqudgha
Makhleb
Nemelex Xobeh
Okawaru
Qazlal
Ru
Sif Muna
Trog
Uskayaw
Vehumet
Xom
Yredelemnul
Zin
The Shining One


Innate Abilities, Weirdness & Mutations

You are under a permanent stasis effect.
You can dig through walls and to a lower floor.
Your four strong arms can wield two-handed weapons with a shield.
((You have a pair of large antennae on your head. (SInv)))
((You have very sharp teeth.))
((You have hoof-like feet.))
You are agile. (Dex +2)
Scrolls take you longer to read.
You are frail. (-10% HP)
You are resistant to hostile enchantments. (MR+)
You are weak. (Str -2)
You evolve.


Message History

The tengu conjurer is no longer petrified.
The catoblepas gores you.
* * * LOW HITPOINT WARNING * * *
The tengu conjurer gestures at you while chanting.
The bolt of poison hits you! You resist.
You are engulfed in calcifying dust.
The orc warrior hits you but does no damage.
The catoblepas gores you. The tengu conjurer hits you.
* * * LOW HITPOINT WARNING * * *
The tengu conjurer pecks you but does no damage.
The tengu conjurer claws you but does no damage.
You are engulfed in calcifying dust.
The orc warrior hits you but does no damage.
The catoblepas gores you!
* * * LOW HITPOINT WARNING * * *
The tengu conjurer hits you but does no damage.
The tengu conjurer pecks you.
The tengu conjurer claws you but does no damage.
You are engulfed in calcifying dust.
The catoblepas gores you.
You die...

### .># ..# ).######
.......## ######### ###
........###..#.##.####.#
...##.#.....#....##*.)##
#.#..#.#...§..§§♣Y...#§##
.#.##†#.#.......oQ###.#§#
#.##.#.#........#####.#(#
.####)#.#.....#.###..*#(#
.##..##.#.........†Q.##.#
#..##..#......###.....#(#
.##..##.#....###..#.#.#.#
............##........#.#
...........###.#...#.##(#


You could see a catoblepas, a tengu conjurer, an orc warrior and a battlesphere.

Vanquished Creatures
  A tengu reaver (D:14)
  Louise (D:14)
  Josephine (D:14)
  A yaktaur captain (D:14)
  A fire dragon (D:14)
  Fannar (D:10)
  Erolcha (D:10)
  2 hydras (D:14)
  A death knight (D:9)
  An iron troll (D:14)
  A skeletal warrior (D:9)
  An unseen horror (D:12)
  Pikel (D:6)
  2 phantasmal warriors (D:9)
  The ghost of Gorice the Nimble, a novice KoEn of Okawaru (D:7)
  5 hill giants
  A deep elf mage (D:14)
  7 cyclopes
  3 manticores
  3 ugly things
  A spiny frog (shapeshifter) (D:14)
  A gargoyle (D:14)
  A komodo dragon (D:10)
  A merfolk (D:11)
  A meliai (D:14)
  A queen bee (D:14)
  2 trolls
  A polar bear (D:9)
  A spriggan (shapeshifter) (D:14)
  5 wraiths
  A shadow (D:14)
  12 yaks
  3 wyverns
  Sigmund (D:3)
  A basilisk (D:11)
  A steam dragon (D:12)
  4 hippogriffs
  A mottled dragon (D:14)
  2 soldier ants
  9 orc warriors
  9 ice beasts
  3 sky beasts
  3 eyes of draining
  3 wasps
  A necrophage (D:8)
  5 phantoms
  5 ogres
  9 centaurs
  9 giant frogs
  A big kobold (D:10)
  A gnoll sergeant (D:9)
  4 scorpions
  34 killer bees
  An electric eel (D:9)
  2 vampire bats (D:5)
  12 wights
  9 howler monkeys
  5 crimson imps
  2 centaur zombies
  2 giant frog zombies
  3 quasits
  5 hounds
  2 orc priests
  4 jellies
  15 orc wizards
  4 giant frog skeletons
  Ijyb (D:2)
  Jessica (D:3)
  5 centaur skeletons
  A gnoll shaman (D:10)
  Natasha (thrice) (D:2)
  5 iguanas
  7 worker ants
  4 sheep
  A sheep (shapeshifter) (D:14)
  A centaur simulacrum (D:9)
  A hound skeleton (D:10)
  Robin (D:1)
  A howler monkey zombie (D:7)
  8 gnolls
  17 adders
  5 shadow imps
  2 white imps (D:9)
  2 oozes
  An adder zombie (D:5)
  An adder skeleton (D:8)
  3 worms
  3 dart slugs
  4 giant geckos
  60 orcs
  9 giant cockroaches
  19 goblins
  22 hobgoblins
  19 jackals
  15 kobolds
  6 quokkas
  A ball python (D:2)
  14 bats
  8 giant newts
  A hobgoblin zombie (D:7)
  A jackal skeleton (D:5)
  A kobold skeleton (D:7)
  2 kobold zombies (D:7)
  2 orc skeletons (D:7)
  An orc zombie (D:7)
  3 rats
501 creatures vanquished.

Vanquished Creatures (others)
  A worker ant (D:6)
  2 jackals (D:6)
3 creatures vanquished.

Grand Total: 504 creatures vanquished

Notes
Turn   | Place    | Note
-------+----------+-------------------------------------------
     0 | D:1      | inmateoo the Formicid Hunter began the quest for the Orb.
     0 | D:1      | Reached XP level 1. HP: 16/16 MP: 1/1
    16 | D:1      | Reached XP level 2. HP: 20/23 MP: 2/2
   173 | D:1      | Reached skill level 1 in Axes
   343 | D:1      | Reached XP level 3. HP: 21/28 MP: 3/3
   856 | D:1      | Reached XP level 4. HP: 27/35 MP: 4/4
  1060 | D:2      | Noticed Natasha
  1068 | D:2      | HP: 1/35 [white imp/puff of frost[Natasha] (6)]
  1070 | D:2      | Killed Natasha
  1070 | D:2      | Reached skill level 1 in Maces & Flails
  1374 | D:2      | Reached skill level 1 in Armour
  1858 | D:2      | Reached XP level 5. HP: 32/41 MP: 5/5
  1919 | D:2      | Found a stormy altar of Qazlal.
  2348 | D:2      | Reached skill level 2 in Maces & Flails
  2408 | D:2      | Noticed Ijyb
  2453 | D:2      | Killed Ijyb
  2740 | D:2      | Noticed Natasha
  2742 | D:2      | Noticed Robin
  2752 | D:2      | Killed Natasha
  2752 | D:2      | Reached skill level 3 in Maces & Flails
  2752 | D:2      | Reached XP level 6. HP: 20/48 MP: 6/6
  3031 | D:1      | Killed Robin
  3181 | D:2      | Noticed Natasha
  3189 | D:2      | Killed Natasha
  3541 | D:3      | Noticed Sigmund
  3561 | D:3      | Killed Sigmund
  3561 | D:3      | Reached skill level 4 in Maces & Flails
  3561 | D:3      | Reached XP level 7. HP: 55/55 MP: 7/7
  3764 | D:3      | Noticed Jessica
  3772 | D:3      | Killed Jessica
  3946 | D:4      | Found a bloodstained altar of Trog.
  4001 | D:4      | Found a staircase to the Ecumenical Temple.
  4011 | Temple   | Entered the Ecumenical Temple
  4078 | Temple   | Became a worshipper of Warmaster Okawaru
  4491 | D:4      | Reached skill level 5 in Maces & Flails
  4738 | D:5      | Entered Level 5 of the Dungeon
  4894 | D:5      | Got a transparent leather armour
  4905 | D:5      | Identified the cursed +0 leather armour "Foannium" {Dex+3} (You found it on level 5 of the Dungeon)
  4948 | D:5      | Reached XP level 8. HP: 45/61 MP: 8/8
  5059 | D:5      | Reached skill level 5 in Fighting
  5158 | D:5      | Reached * piety under Okawaru
  5287 | D:5      | Reached skill level 6 in Maces & Flails
  5730 | D:6      | Noticed Pikel
  5759 | D:6      | Killed Pikel
  5759 | D:6      | Reached ** piety under Okawaru
  5759 | D:6      | Reached skill level 7 in Maces & Flails
  5759 | D:6      | Reached skill level 5 in Armour
  5759 | D:6      | Reached XP level 9. HP: 13/70 MP: 6/9
  6131 | D:6      | Found a sacrificial altar of Ru.
  6362 | D:6      | Found a bloodstained altar of Trog.
  6562 | D:7      | Reached skill level 1 in Invocations
  6592 | D:7      | Noticed Gorice's ghost (novice KoEn)
  6643 | D:7      | Killed Gorice's ghost
  6643 | D:7      | Reached *** piety under Okawaru
  6643 | D:7      | Reached skill level 8 in Maces & Flails
  6771 | D:7      | Reached skill level 1 in Shields
  6797 | D:7      | Gained mutation: You evolve. [mutagenic meat]
  6800 | D:7      | Gained mutation: You are dopey. (Int -2) [mutagenic meat]
  6849 | D:7      | Reached **** piety under Okawaru
  6849 | D:7      | Reached XP level 10. HP: 71/79 MP: 12/12
  7058 | D:7      | Found a glowing golden altar of the Shining One.
  7120 | D:7      | Gained mutation: Your spells are a little harder to cast, but a little more powerful. [evolution]
  7377 | D:8      | Reached skill level 9 in Maces & Flails
  7514 | D:8      | Received a gift from Okawaru
  7946 | D:8      | Gained mutation: Scrolls take you a little longer to read. [mutagenic meat]
  7949 | D:8      | Lost mutation: Your spells are a little harder to cast, but a little more powerful. [mutagenic meat]
  8166 | D:8      | Reached skill level 5 in Invocations
  8293 | D:9      | Found a shimmering altar of Xom.
  8584 | D:9      | Reached ***** piety under Okawaru
  8752 | D:9      | Received a gift from Okawaru
  8755 | D:9      | Reached XP level 11. HP: 67/86 MP: 1/15
  8757 | D:9      | Found a staircase to the Orcish Mines.
  8911 | D:9      | Noticed a phantasmal warrior
  8912 | D:9      | Noticed a skeletal warrior
  8913 | D:9      | Noticed a phantasmal warrior
  8914 | D:9      | Noticed a death knight
  8921 | D:9      | Killed a phantasmal warrior
  8921 | D:9      | Reached skill level 10 in Maces & Flails
  8931 | D:9      | Killed a phantasmal warrior
  8931 | D:9      | Reached skill level 5 in Shields
  8943 | D:9      | Killed a death knight
  9232 | D:8      | Received a gift from Okawaru
  9235 | D:8      | Got a translucent crystal plate armour {god gift}
  9248 | D:8      | Identified the +1 crystal plate armour of Intuition {Str+3} (Okawaru gifted it to you on level 8 of the Dungeon)
  9270 | D:9      | Killed a skeletal warrior
  9831 | D:9      | Lost mutation: You are dopey. (Int -2) [evolution]
 10025 | D:10     | Entered Level 10 of the Dungeon
 10183 | D:10     | Found a staircase to the Lair.
 10299 | D:10     | Noticed Erolcha
 10311 | D:10     | Killed Erolcha
 10311 | D:10     | Reached skill level 11 in Maces & Flails
 10366 | D:10     | Noticed Fannar
 10391 | D:10     | Killed Fannar
 10391 | D:10     | Reached XP level 12. HP: 81/95 MP: 15/17
 10778 | D:11     | Received a gift from Okawaru
 10814 | D:11     | Got a scorched crystal plate armour {god gift}
 10827 | D:11     | Identified the +0 crystal plate armour "Donleg" {rF++ Dex-5 Slay+5} (Okawaru gifted it to you on level 11 of the Dungeon)
 11275 | D:11     | Gained mutation: You are agile. (Dex +2) [mutagenic meat]
 11469 | D:11     | Reached ****** piety under Okawaru
 11717 | D:12     | Noticed an unseen horror
 11722 | D:12     | Killed an unseen horror
 11722 | D:12     | Reached skill level 12 in Maces & Flails
 11942 | D:12     | Reached skill level 10 in Fighting
 12011 | D:12     | Found a snail-covered altar of Cheibriados.
 12022 | D:12     | Reached XP level 13. HP: 97/103 MP: 19/19
 12852 | D:13     | Received a gift from Okawaru
 13258 | D:14     | Noticed Josephine
 13282 | D:14     | Killed Josephine
 13308 | D:14     | Reached skill level 10 in Armour
 13340 | D:14     | Received a gift from Okawaru
 13385 | D:14     | Gained mutation: You have large cloven feet. [mutagenic meat]
 13388 | D:14     | Gained mutation: You are weak. (Str -2) [mutagenic meat]
 13391 | D:14     | Lost mutation: You are agile. (Dex +2) [mutagenic meat]
 13416 | D:14     | Noticed a fire dragon
 13442 | D:14     | Killed a fire dragon
 13442 | D:14     | Reached skill level 13 in Maces & Flails
 13525 | D:14     | Gained mutation: You expend magic power (3 MP) to strengthen your wands. [mutagenic meat]
 13528 | D:14     | Gained mutation: You are agile. (Dex +2) [mutagenic meat]
 13531 | D:14     | Gained mutation: You are resistant to hostile enchantments. (MR+) [mutagenic meat]
 13648 | D:14     | Noticed a six-headed hydra
 13659 | D:14     | Killed a six-headed hydra
 13673 | D:14     | Reached skill level 5 in Dodging
 13750 | D:14     | Gained mutation: You have hoof-like feet. [evolution]
 13957 | D:14     | Found a gate to the Vaults.
 14024 | D:14     | Noticed a seven-headed hydra
 14033 | D:14     | Killed a seven-headed hydra
 14402 | D:13     | Gained mutation: You are frail. (-10% HP) [potion of mutation]
 14402 | D:13     | Lost mutation: You expend magic power (3 MP) to strengthen your wands. [potion of mutation]
 14470 | D:14     | Reached XP level 14. HP: 100/101 MP: 20/20
 14482 | D:14     | Gained mutation: You have very sharp teeth. [mutagenic meat]
 14485 | D:14     | Gained mutation: Scrolls take you longer to read. [mutagenic meat]
 14562 | D:14     | Noticed Louise
 14620 | D:14     | Killed Louise
 14697 | D:14     | Noticed a tengu reaver
 14749 | D:14     | Killed a tengu reaver
 14764 | D:14     | HP: 5/101 [poisoned by a killer bee]
 14769 | D:14     | HP: 5/101 [poisoned by a killer bee]
 14776 | D:14     | HP: 4/101 [poisoned by a killer bee]
 14782 | D:14     | HP: 5/101 [poisoned by a killer bee]
 14788 | D:14     | HP: 4/101 [poisoned by a killer bee]
 14794 | D:14     | HP: 4/101 [poisoned by a killer bee]
 14802 | D:14     | HP: 4/101 [poisoned by a killer bee]
 14980 | D:14     | HP: 2/151 [catoblepas (6)]
 14981 | D:14     | Slain by a catoblepas

Vault maps used:
D:1:      lightli_iron_boxes, minmay_small_reverse_x
D:2:      nicolae_overflow_hidden_temple, uniq_iyjb, uniq_natasha, uniq_robin
D:3:      minmay_cupped, uniq_sigmund, uniq_jessica
D:4:      bloody_trog, first_bread, dk_noncrumbling_4, serial_bayou_pond_a,
          nrook_loot_triangle
D:5:      minmay_guarded_unrand_vampires_tooth
D:6:      nicolae_ru_awakened_eye, basic_altar, serial_glass, glass_columns_b,
          glass_columns_b, uniq_pikel
D:7:      minmay_splitting_lines, hangedman_abyss_or_decor_passed,
          nicolae_tso_besieged_by_evil
D:8:      serial_co_window_serial, co_window_paths_b, co_window_corner_a,
          co_window_paths_a, co_window_paths_a, co_window_of_opportunity_a,
          co_window_corner_b, co_window_2corner, co_window_broadway_c,
          glass_columns_c, glass_columns_a
D:9:      corexii_shack_village, nicolae_overflow_crystal_walls, orc_0_dummy,
          serial_ice, serial_ice_l, serial_ice_g, serial_ice_h, serial_ice_b
D:10:     minmay_opposing_rooms, lair_0_dummy, uniq_erolcha, uniq_fannar
D:11:     hangedman_fish_farm
D:12:     basic_altar
D:14:     regret_index_bee_streams, david_vaults_4, minmay_misc_feat_five,
          uniq_louise, uniq_josephine
Temple:   minmay_crystal_spiral_temple

Skill      XL: |  1  2  3  4  5  6  7  8  9 10 11 12 13 |
---------------+----------------------------------------+-----
Axes           | 1 2 |  2.3
Fighting       | 3 4 6 7 8 9 10 11 | 11.2
Maces & Flails | 1 3 4 5 7 8 9 11 12 13 | 13.6
Armour         | 1 3 5 6 7 8 9 10 | 10.6
Invocations    | 3 5 7 8 9 |  9.2
Shields        | 1 4 6 7 9 |  9.7
Dodging        | 3 5 |  5.6
Crossbows      | |  4.0
Stealth        | |  1.2

Action                   |  1- 3 |  4- 6 |  7- 9 | 10-12 | 13-15 || total
-------------------------+-------+-------+-------+-------+-------++-------
Melee: Hand axe          |   117 |   257 |       |       |       ||   374
       Mace              |       |    61 |   301 |    29 |       ||   391
       Whip              |       |       |    72 |   877 |   560 ||  1509
       Bite              |       |       |       |       |    17 ||    17
 Fire: Hand crossbow     |     6 |     3 |       |       |       ||     9
Invok: Heroism           |       |       |     1 |     2 |     4 ||     7
       Finesse           |       |       |       |       |     1 ||     1
 Abil: Dig               |       |     4 |     2 |     4 |     8 ||    18
  Use: Scroll            |       |       |     5 |    18 |     3 ||    26
       Potion            |       |       |     1 |     1 |     7 ||     9
  Eat: Chunk             |       |     9 |    11 |    19 |    15 ||    54
       Meat ration       |       |       |     1 |       |       ||     1
       Beef jerky        |       |       |     1 |       |       ||     1
       Royal jelly       |       |       |       |     1 |       ||     1
       Pizza             |       |       |       |       |     5 ||     5
Armor: Plate armour      |   144 |   295 |   303 |   153 |       ||   895
       Crystal plate arm |       |       |       |   162 |   200 ||   362
       Skin              |       |       |       |       |    20 ||    20
Dodge: Dodged            |    57 |   113 |   100 |    59 |    60 ||   389
Block: Large shield      |       |       |    43 |   555 |   374 ||   972
